Penguins vs Sabres (R1)

Created - March 13, 2019 at 19:10

Goals
1 2 3 T
Penguins 2 3 0 5
Sabres 0 0 1 1
Shots
1 2 3 T
Penguins 15 12 8 35
Sabres 7 8 11 26

1st period

1. Penguins , Martin St. Louis 16 (Steven Stamkos 59, Andrew Cogliano 41) at 0:58 (PP)
2. Penguins , Andrew Cogliano 23 (Steven Stamkos 60) at 10:04

Penalties :
Vincent Lecavalier (Buf) for Roughing (Minor) at 0:46, Paul Ranger (Pit) for Hooking (Minor) at 10:38

2nd period

3. Penguins , Logan Couture 8 (Duncan Keith 20) at 5:07
4. Penguins , Pascal Dupuis 3 (Riley Sheahan 15, Dion Phaneuf 30) at 7:25
5. Penguins , Duncan Keith 4 (Steven Stamkos 61, Andrew Cogliano 42) at 17:03

Penalties :
Brad Richardson (Buf) for Hooking (Minor) at 2:59, Dion Phaneuf (Pit) for Interference (Minor) at 5:16, Michael Kostka (Buf) for Hooking (Minor) at 10:19

3rd period

6. Sabres , Darcy Hordichuk 9 (Zach Bogosian 29, Brandon Sutter 13) at 3:23

Penalties :
Keith Aulie (Pit) for Roughing (Double Minor) at 13:26, Loui Eriksson (Pit) for Roughing (Minor) at 18:31, Andrew Cogliano (Pit) for Holding (Minor) at 18:42

Goalie Stats

Jacob Markstrom (Pit), 25 saves from 26 shots - (0.962), W, 20-25-6, 60:00 minutes
Robin Lehner (Buf), 30 saves from 35 shots - (0.857), L, 29-16-3, 60:00 minutes

Players Stats for Penguins

Player Name              G  A  P  +/- PIM S  H  SB GA TA FO     MP     PP MP  PK MP  
------------------------------------------------------------------------------------
Andrew Cogliano          1  2  3   2  2   4  3  1  3  0  2/5    23:22   2:24   3:58 
Cal Clutterbuck          0  0  0   0  0   1  3  0  0  0  1/2    11:13   0:00   1:56 
D.J King                 0  0  0   0  0   2  0  0  0  0  0/0    11:29   0:09   1:58 
Dion Phaneuf             0  1  1   2  2   0  1  0  0  1  0/0    11:55   0:00   1:34 
Duncan Keith             1  1  2   0  0   3  0  4  1  0  0/0    27:55   2:12   5:50 
Dustin Brown             0  0  0   0  0   4  2  0  0  0  0/1    14:31   1:37   0:00 
Eric Gryba               0  0  0   1  0   3  0  1  0  2  0/0    20:45   1:58   3:08 
Keith Aulie              0  0  0   1  4   1  0  1  0  1  0/0    19:53   1:58   1:34 
Logan Couture            1  0  1   0  0   3  2  1  0  1  2/4    12:06   0:00   2:49 
Loui Eriksson            0  0  0   1  2   0  0  0  0  0  0/0     6:56   0:00   0:00 
Marcus Foligno           0  0  0   0  0   1  1  0  0  0  0/0    14:47   1:37   0:04 
Martin St. Louis         1  0  1   2  0   2  1  0  0  0  2/3    19:15   2:22   0:00 
Pascal Dupuis            1  0  1   1  0   1  0  0  0  0  0/0     7:10   0:11   0:00 
Paul Ranger              0  0  0   2  2   0  1  0  1  1  0/0    11:29   0:00   0:27 
Riley Sheahan            0  1  1   1  0   0  1  0  0  0  1/2     7:26   0:00   0:17 
Ryan O'Reilly            0  0  0   0  0   1  2  1  2  0  8/15   16:41   1:37   2:00 
Sean Zimmerman           0  0  0   0  0   2  4  2  1  2  0/0    27:55   2:12   5:50 
Steven Stamkos           0  3  3   2  0   7  2  0  5  0  22/35  24:25   2:33   4:57 

Players Stats for Sabres

Player Name              G  A  P  +/- PIM S  H  SB GA TA FO     MP     PP MP  PK MP  
------------------------------------------------------------------------------------
Andrei Loktionov         0  0  0  -1  0   4  0  0  1  0  8/15   19:04   3:40   0:11 
Brad Richardson          0  0  0  -1  2   1  0  0  0  1  0/0     8:55   0:48   0:00 
Brandon Sutter           0  1  1  -1  0   3  0  1  0  0  6/13   11:53   0:48   2:41 
Darcy Hordichuk          1  0  1   0  0   2  1  1  0  0  0/0     8:45   0:42   0:00 
Darren Reid              0  0  0   0  0   0  1  0  0  1  0/0    12:44   0:00   2:37 
Evander Kane             0  0  0  -2  0   1  1  0  1  0  0/0    16:58   3:43   0:15 
Ilya Kovalchuk           0  0  0  -1  0   4  1  0  1  0  1/2    21:33   5:00   1:18 
Jakub Kindl              0  0  0  -2  0   0  1  1  0  2  0/0    16:13   0:26   0:03 
Jared Cowen              0  0  0  -2  0   2  2  3  1  1  0/0    22:14   5:25   1:44 
Mathew Dumba             0  0  0  -2  0   0  0  0  0  1  0/0    18:26   3:44   2:26 
Matt Martin              0  0  0   0  0   0  2  0  0  0  0/0    10:07   0:00   0:00 
Michael Frolik           0  0  0  -1  0   2  2  0  1  0  1/2    18:53   3:40   0:00 
Michael Kostka           0  0  0  -2  2   0  0  2  0  2  0/0    16:44   3:50   1:12 
Rob Scuderi              0  0  0   1  0   0  1  2  1  2  0/0    20:48   0:00   1:11 
Sean Monahan             0  0  0   0  0   2  0  0  0  0  3/15   14:48   4:57   0:00 
Vincent Lecavalier       0  0  0  -1  2   1  0  0  0  1  9/19   14:14   0:00   1:18 
Zach Bogosian            0  1  1   1  0   2  1  0  1  2  0/0    25:50   5:25   1:44 
Zack Kassian             0  0  0  -1  0   2  2  0  1  0  1/1    17:38   4:57   0:00 

3 Stars

1 - Andrew Cogliano (Pit)
2 - Steven Stamkos (Pit)
3 - Duncan Keith (Pit)

Power Play

Penguins - 1 on 3 Attempt(s) - 33.33%
Sabres - 0 on 6 Attempt(s) - 0.00%

Penalty Kill

Penguins - 6 on 6 Attempt(s) - 100.00% - Score 0 goal in Penalty Kill
Sabres - 2 on 3 Attempt(s) - 66.67% - Score 0 goal in Penalty Kill

Team Stat

Penguins - Hits : 23 - Faceoff Wins : 38 - Blocked Shots : 11 - Penalty Minutes : 12
Sabres - Hits : 15 - Faceoff Wins : 29 - Blocked Shots : 10 - Penalty Minutes : 6

Official

Referees : Unknown
Linesman : Unknown

Game Notes

No Game Note

Finance

Level 1 -- Attendance: 6000 (100.00%) -- Ticket Income $522,000
Level 2 -- Attendance: 4787 (95.74%) -- Ticket Income $268,072
Level 3 -- Attendance: 2000 (100.00%) -- Ticket Income $60,000
Level 4 -- Attendance: 4000 (100.00%) -- Ticket Income $96,000
Luxury Box -- Attendance: 893 (89.30%) -- Ticket Income $134,843
Game was played at the Duff Garden.
Total Attendance: 17680 (98.22%)
Total Ticket Income: $1,080,915
Other Income: $162,137
Total Income: $1,243,052

Penguins

5 vs 5 Forward 
   Center                   Left Wing                Right Wing               Time % Phy DF OF 
 1 Steven Stamkos           Andrew Cogliano          Martin St. Louis         40     1   2  2  
 2 Ryan O'Reilly            Marcus Foligno           Dustin Brown             30     1   2  2  
 3 Logan Couture            D.J King                 Cal Clutterbuck          20     1   2  2  
 4 Riley Sheahan            Loui Eriksson            Pascal Dupuis            10     1   2  2  

5 vs 5 Defense 
   Defense                  Defense                                           Time % Phy DF OF 
 1 Duncan Keith             Sean Zimmerman                                    44     1   2  2  
 2 Keith Aulie              Eric Gryba                                        33     1   2  2  
 3 Paul Ranger              Dion Phaneuf                                      23     1   2  2  
 4 Dion Phaneuf             Sean Zimmerman                                    0      1   2  2  

PowerPlay Forward 
   Center                   Left Wing                Right Wing               Time % Phy DF OF 
 1 Steven Stamkos           Andrew Cogliano          Martin St. Louis         60     1   2  2  
 2 Ryan O'Reilly            Marcus Foligno           Dustin Brown             40     1   2  2  

PowerPlay Defense
   Defense                  Defense                                           Time % Phy DF OF 
 1 Duncan Keith             Sean Zimmerman                                    60     1   2  2  
 2 Keith Aulie              Eric Gryba                                        40     1   2  2  

Penalty Kill 4 Players Forward 
   Center                   Wing                     Time % Phy DF OF 
 1 Steven Stamkos           Andrew Cogliano          60     1   2  2  
 2 Logan Couture            Cal Clutterbuck          40     1   2  2  

Penalty Kill 4 Players Defense
   Defense                  Defense                  Time % Phy DF OF 
 1 Duncan Keith             Sean Zimmerman           60     1   2  2  
 2 Keith Aulie              Eric Gryba               40     1   2  2  

Penalty Kill - 3 Players Forward 
   Forward                                           Time % Phy DF OF 
 1 Steven Stamkos                                    60     1   2  2  
 2 Logan Couture                                     40     1   2  2  

Penalty Kill - 3 Players Defense
   Defense                  Defense                  Time % Phy DF OF 
 1 Duncan Keith             Sean Zimmerman           60     1   2  2  
 2 Keith Aulie              Eric Gryba               40     1   2  2  

4 vs 4 Forward 
   Center                   Wing                     Time % Phy DF OF 
 1 Steven Stamkos           Andrew Cogliano          60     1   2  2  
 2 Ryan O'Reilly            Dustin Brown             40     1   2  2  

4 vs 4 Defense
   Defense                  Defense                  Time % Phy DF OF 
 1 Duncan Keith             Sean Zimmerman           60     1   2  2  
 2 Keith Aulie              Eric Gryba               40     1   2  2  

Last Minutes Offensive
   Center                   Left Wing                Right Wing               Defense                  Defense                  
   Steven Stamkos           Andrew Cogliano          Martin St. Louis         Duncan Keith             Sean Zimmerman           

Last Minutes Defensive
   Center                   Left Wing                Right Wing               Defense                  Defense                  
   Steven Stamkos           Andrew Cogliano          Dustin Brown             Duncan Keith             Sean Zimmerman           

Goaltenders
Starting : Jacob Markstrom          
Backup : Josh Tordjman            

Extra Forwards
Normal : Steven Stamkos, Ryan O'Reilly, Logan Couture - PP : Steven Stamkos, Ryan O'Reilly - PK : Logan Couture
Extra Defensemen
Normal : Duncan Keith, Keith Aulie, Paul Ranger - PP : Keith Aulie - PK : Sean Zimmerman, Keith Aulie
Penalty Shots
Steven Stamkos, Ryan O'Reilly, Andrew Cogliano, Logan Couture, Dustin Brown

Scratches
Riley Armstrong (Healthy)

Sabres

5 vs 5 Forward 
   Center                   Left Wing                Right Wing               Time % Phy DF OF 
 1 Andrei Loktionov         Ilya Kovalchuk           Michael Frolik           32     0   1  4  
 2 Vincent Lecavalier       Evander Kane             Zack Kassian             28     0   1  4  
 3 Sean Monahan             Matt Martin              Darren Reid              22     1   2  2  
 4 Brandon Sutter           Darcy Hordichuk          Brad Richardson          18     1   2  2  

5 vs 5 Defense 
   Defense                  Defense                                           Time % Phy DF OF 
 1 Rob Scuderi              Zach Bogosian                                     41     2   2  1  
 2 Jakub Kindl              Jared Cowen                                       35     1   3  1  
 3 Michael Kostka           Mathew Dumba                                      24     1   4  0  
 4 Michael Kostka           Mathew Dumba                                      0      1   4  0  

PowerPlay Forward 
   Center                   Left Wing                Right Wing               Time % Phy DF OF 
 1 Sean Monahan             Ilya Kovalchuk           Zack Kassian             53     0   0  5  
 2 Andrei Loktionov         Evander Kane             Michael Frolik           47     1   0  4  

PowerPlay Defense
   Defense                  Defense                                           Time % Phy DF OF 
 1 Zach Bogosian            Jared Cowen                                       53     0   1  4  
 2 Michael Kostka           Mathew Dumba                                      47     1   1  3  

Penalty Kill 4 Players Forward 
   Center                   Wing                     Time % Phy DF OF 
 1 Brandon Sutter           Darren Reid              55     1   4  0  
 2 Vincent Lecavalier       Ilya Kovalchuk           45     1   4  0  

Penalty Kill 4 Players Defense
   Defense                  Defense                  Time % Phy DF OF 
 1 Jared Cowen              Zach Bogosian            55     1   4  0  
 2 Mathew Dumba             Michael Kostka           45     1   4  0  

Penalty Kill - 3 Players Forward 
   Forward                                           Time % Phy DF OF 
 1 Brandon Sutter                                    60     0   5  0  
 2 Brad Richardson                                   40     0   5  0  

Penalty Kill - 3 Players Defense
   Defense                  Defense                  Time % Phy DF OF 
 1 Rob Scuderi              Jared Cowen              60     1   4  0  
 2 Mathew Dumba             Zach Bogosian            40     1   4  0  

4 vs 4 Forward 
   Center                   Wing                     Time % Phy DF OF 
 1 Vincent Lecavalier       Darren Reid              50     0   2  3  
 2 Andrei Loktionov         Brad Richardson          50     0   1  4  

4 vs 4 Defense
   Defense                  Defense                  Time % Phy DF OF 
 1 Michael Kostka           Jared Cowen              50     0   4  1  
 2 Mathew Dumba             Rob Scuderi              50     0   4  1  

Last Minutes Offensive
   Center                   Left Wing                Right Wing               Defense                  Defense                  
   Andrei Loktionov         Evander Kane             Michael Frolik           Zach Bogosian            Jared Cowen              

Last Minutes Defensive
   Center                   Left Wing                Right Wing               Defense                  Defense                  
   Brandon Sutter           Evander Kane             Michael Frolik           Zach Bogosian            Jared Cowen              

Goaltenders
Starting : Robin Lehner             
Backup : Jonas Hiller             

Extra Forwards
Normal : Brandon Sutter, Andrei Loktionov, Sean Monahan - PP : Ilya Kovalchuk, Sean Monahan - PK : Brandon Sutter
Extra Defensemen
Normal : Zach Bogosian, Jared Cowen, Mathew Dumba - PP : Zach Bogosian - PK : Rob Scuderi, Jared Cowen
Penalty Shots
Evander Kane, Michael Frolik, Vincent Lecavalier, Sean Monahan, Zack Kassian

Scratches
Randy Jones (Healthy), Scottie Upshall (Healthy)

% Time on Ice - Penguins

Lines # - Real PCT - Wanted PCT - Time Play
Normal Forward
1 - 37% - 40% - 17:17
2 - 28% - 30% - 12:54
3 - 20% - 20% - 9:17
4 - 15% - 10% - 6:57
Normal Defense
1 - 43% - 44% - 19:53
2 - 35% - 33% - 16:10
3 - 22% - 23% - 10:22
4 - 0% - 0% - 0:00
PP Forward
1 - 61% - 60% - 2:33
2 - 39% - 40% - 1:37
PP Defense
1 - 53% - 60% - 2:12
2 - 47% - 40% - 1:58
PK Forward
1 - 76% - 60% - 6:12
2 - 24% - 40% - 1:56
PK Defense
1 - 58% - 60% - 4:41
2 - 42% - 40% - 3:27
PK3 Forward
1 - 84% - 60% - 1:05
2 - 16% - 40% - 0:12
PK3 Defense
1 - 90% - 60% - 1:09
2 - 10% - 40% - 0:08
44 Forward
1 - 0% - 60%
2 - 0% - 40%
44 Defense
1 - 0% - 60%
2 - 0% - 40%
Last Minute Offensive  - 0:00
Last Minute Defensive  - 0:00
Total
Forward - 60:00
Defense - 60:00

% Time on Ice - Sabres

Lines # - Real PCT - Wanted PCT - Time Play
Normal Forward
1 - 33% - 32% - 15:08
2 - 29% - 28% - 13:20
3 - 22% - 22% - 10:07
4 - 17% - 18% - 7:50
Normal Defense
1 - 43% - 41% - 19:46
2 - 33% - 35% - 15:32
3 - 22% - 24% - 10:18
4 - 2% - 0% - 0:49
PP Forward
1 - 61% - 53% - 5:42
2 - 39% - 47% - 3:43
PP Defense
1 - 58% - 53% - 5:25
2 - 42% - 47% - 4:00
PK Forward
1 - 69% - 55% - 2:52
2 - 31% - 45% - 1:18
PK Defense
1 - 42% - 55% - 1:44
2 - 58% - 45% - 2:26
PK3 Forward
1 - 0% - 60%
2 - 0% - 40%
PK3 Defense
1 - 0% - 60%
2 - 0% - 40%
44 Forward
1 - 0% - 50%
2 - 0% - 50%
44 Defense
1 - 0% - 50%
2 - 0% - 50%
Last Minute Offensive  - 0:00
Last Minute Defensive  - 0:00
Total
Forward - 60:00
Defense - 60:00

Play-by-Play

1st period


0:01 of 1st period - Andrei Loktionov wins face-off versus Steven Stamkos in neutral zone.
0:04 of 1st period - Backhand shot by Ilya Kovalchuk.
0:04 of 1st period - Shot Misses the Net.
0:17 of 1st period - Icing by Rob Scuderi.
0:18 of 1st period - Andrei Loktionov wins face-off versus Ryan O'Reilly in Sabres zone.
0:46 of 1st period - Minor Penalty to Vincent Lecavalier for Roughing.
0:47 of 1st period - Steven Stamkos wins face-off versus Brandon Sutter in Sabres zone.
0:56 of 1st period - Slapshot by Steven Stamkos.
0:56 of 1st period - Shot Blocked by Jared Cowen.
0:58 of 1st period - Wrist shot by Martin St. Louis.
0:58 of 1st period - Goal by Martin St. Louis - Penguins : 1 - Sabres : 0.
0:59 of 1st period - Vincent Lecavalier wins face-off versus Logan Couture in neutral zone.
1:27 of 1st period - Snap shot by Sean Monahan.
1:27 of 1st period - Shot Misses the Net.
2:07 of 1st period - Snap shot by Brad Richardson.
2:07 of 1st period - Shot Misses the Net.
2:09 of 1st period - Snap shot by Zack Kassian.
2:09 of 1st period - Shot Blocked by Ryan O'Reilly.
3:00 of 1st period - Slapshot by Steven Stamkos.
3:00 of 1st period - Deflect By Andrew Cogliano.
3:00 of 1st period - Stopped by Robin Lehner with a rebound.
3:34 of 1st period - Wrist shot by Dustin Brown.
3:34 of 1st period - Stopped by Robin Lehner without a rebound.
3:35 of 1st period - Vincent Lecavalier wins face-off versus Ryan O'Reilly in Sabres zone.
3:44 of 1st period - Off-side.
3:45 of 1st period - Zack Kassian wins face-off versus Andrew Cogliano in neutral zone.
4:01 of 1st period - Snap shot by Zack Kassian.
4:01 of 1st period - Shot Misses the Net.
4:21 of 1st period - Slapshot by Logan Couture.
4:21 of 1st period - Stopped by Robin Lehner without a rebound.
4:22 of 1st period - Steven Stamkos wins face-off versus Sean Monahan in Sabres zone.
5:12 of 1st period - Wrist shot by Steven Stamkos.
5:12 of 1st period - Stopped by Robin Lehner with a rebound.
5:14 of 1st period - Slapshot by Sean Zimmerman.
5:14 of 1st period - Shot Blocked by Jakub Kindl.
5:16 of 1st period - Slapshot by Andrew Cogliano.
5:16 of 1st period - Shot Misses the Net.
5:18 of 1st period - Snap shot by Steven Stamkos.
5:18 of 1st period - Stopped by Robin Lehner with a rebound.
5:22 of 1st period - Slapshot by Andrew Cogliano.
5:22 of 1st period - Stopped by Robin Lehner without a rebound.
5:23 of 1st period - Ryan O'Reilly wins face-off versus Brandon Sutter in Sabres zone.
5:36 of 1st period - Slapshot by Zach Bogosian.
5:36 of 1st period - Shot Blocked by Keith Aulie.
5:57 of 1st period - Zach Bogosian is hit by Logan Couture and loses puck.
6:07 of 1st period - Icing by Matt Martin.
6:08 of 1st period - Riley Sheahan wins face-off versus Sean Monahan in Sabres zone.
6:38 of 1st period - Snap shot by Ilya Kovalchuk.
6:38 of 1st period - Stopped by Jacob Markstrom with a rebound.
6:55 of 1st period - Icing by Eric Gryba.
6:56 of 1st period - Ryan O'Reilly wins face-off versus Vincent Lecavalier in Penguins zone.
7:51 of 1st period - Snap shot by Brandon Sutter.
7:51 of 1st period - Stopped by Jacob Markstrom without a rebound.
7:52 of 1st period - Steven Stamkos wins face-off versus Vincent Lecavalier in Penguins zone.
7:52 of 1st period - Steven Stamkos is hit by Zack Kassian.
8:18 of 1st period - Jakub Kindl is hit by Sean Zimmerman.
8:24 of 1st period - Sean Zimmerman is hit by Michael Frolik and loses puck.
9:03 of 1st period - Dion Phaneuf is hit by Darren Reid and loses puck.
9:24 of 1st period - Wrist shot by Zack Kassian.
9:24 of 1st period - Shot Misses the Net.
10:02 of 1st period - Snap shot by Steven Stamkos.
10:02 of 1st period - Stopped by Robin Lehner with a rebound.
10:04 of 1st period - Slapshot by Andrew Cogliano.
10:04 of 1st period - Goal by Andrew Cogliano - Penguins : 2 - Sabres : 0.
10:05 of 1st period - Vincent Lecavalier wins face-off versus Dustin Brown in neutral zone.
10:10 of 1st period - Snap shot by Zack Kassian.
10:10 of 1st period - Shot Misses the Net.
10:12 of 1st period - Slapshot by Zach Bogosian.
10:12 of 1st period - Stopped by Jacob Markstrom with a rebound.
10:14 of 1st period - Snap shot by Zack Kassian.
10:14 of 1st period - Deflect By Vincent Lecavalier.
10:14 of 1st period - Shot Blocked by Duncan Keith.
10:14 of 1st period - Puck is out of play.
10:15 of 1st period - Vincent Lecavalier wins face-off versus Ryan O'Reilly in Penguins zone.
10:18 of 1st period - Wrist shot by Evander Kane.
10:18 of 1st period - Shot Blocked by Sean Zimmerman.
10:26 of 1st period - Slapshot by Vincent Lecavalier.
10:26 of 1st period - Shot Blocked by Sean Zimmerman.
10:34 of 1st period - Wrist shot by Vincent Lecavalier.
10:34 of 1st period - Stopped by Jacob Markstrom without a rebound.
10:35 of 1st period - Martin St. Louis wins face-off versus Andrei Loktionov in Penguins zone.
10:35 of 1st period - Martin St. Louis is hit by Jared Cowen.
10:38 of 1st period - Minor Penalty to Paul Ranger for Hooking.
10:39 of 1st period - Steven Stamkos wins face-off versus Sean Monahan in Penguins zone.
10:45 of 1st period - Backhand shot by Andrew Cogliano.
10:45 of 1st period - Shot Misses the Net.
12:38 of 1st period - Penalty to Paul Ranger is over, Paul Ranger is back on ice.
12:40 of 1st period - Jared Cowen is hit by Andrew Cogliano and loses puck.
13:05 of 1st period - Wrist shot by Duncan Keith.
13:05 of 1st period - Stopped by Robin Lehner with a rebound.
14:31 of 1st period - Jared Cowen is hit by Paul Ranger and loses puck.
14:42 of 1st period - Jakub Kindl is hit by Logan Couture and loses puck.
15:02 of 1st period - Icing by Eric Gryba.
15:03 of 1st period - Vincent Lecavalier wins face-off versus Steven Stamkos in Penguins zone.
15:06 of 1st period - Wrist shot by Evander Kane.
15:06 of 1st period - Shot Misses the Net.
15:12 of 1st period - Rob Scuderi is hit by Martin St. Louis and loses puck.
15:21 of 1st period - Slapshot by Steven Stamkos.
15:21 of 1st period - Shot Misses the Net.
15:23 of 1st period - Slapshot by Sean Zimmerman.
15:23 of 1st period - Stopped by Robin Lehner with a rebound.
16:01 of 1st period - Snap shot by Evander Kane.
16:01 of 1st period - Shot Blocked by Andrew Cogliano.
16:09 of 1st period - Evander Kane is hit by Sean Zimmerman and loses puck.
16:14 of 1st period - Wrist shot by Andrew Cogliano.
16:14 of 1st period - Stopped by Robin Lehner with a rebound.
16:16 of 1st period - Snap shot by Eric Gryba.
16:16 of 1st period - Stopped by Robin Lehner without a rebound.
16:17 of 1st period - Andrei Loktionov wins face-off versus Ryan O'Reilly in Sabres zone.
16:17 of 1st period - Andrei Loktionov is hit by Ryan O'Reilly.
16:28 of 1st period - Snap shot by Michael Frolik.
16:28 of 1st period - Shot Blocked by Eric Gryba.
16:34 of 1st period - Snap shot by Michael Frolik.
16:34 of 1st period - Stopped by Jacob Markstrom without a rebound.
16:35 of 1st period - Cal Clutterbuck wins face-off versus Sean Monahan in Penguins zone.
17:56 of 1st period - Snap shot by Ryan O'Reilly.
17:56 of 1st period - Shot Blocked by Rob Scuderi.
18:10 of 1st period - Snap shot by Zack Kassian.
18:10 of 1st period - Stopped by Jacob Markstrom without a rebound.
18:11 of 1st period - Martin St. Louis wins face-off versus Vincent Lecavalier in Penguins zone.
18:36 of 1st period - Dustin Brown is hit by Michael Frolik and loses puck.
18:43 of 1st period - Snap shot by Dustin Brown.
18:43 of 1st period - Stopped by Robin Lehner with a rebound.
18:45 of 1st period - Snap shot by Duncan Keith.
18:45 of 1st period - Stopped by Robin Lehner with a rebound.
19:10 of 1st period - Snap shot by Ilya Kovalchuk.
19:10 of 1st period - Deflect By Andrei Loktionov.
19:10 of 1st period - Stopped by Jacob Markstrom with a rebound.
19:28 of 1st period - Off-side.
19:29 of 1st period - Steven Stamkos wins face-off versus Sean Monahan in neutral zone.
Goals for this period are 2 for Penguins vs 0 for Sabres.
Shots for this period are 15 for Penguins vs 7 for Sabres.

2nd period


0:01 of 2nd period - Andrei Loktionov wins face-off versus Steven Stamkos in neutral zone.
0:04 of 2nd period - Wrist shot by Ilya Kovalchuk.
0:04 of 2nd period - Stopped by Jacob Markstrom with a rebound.
0:14 of 2nd period - Slapshot by Ilya Kovalchuk.
0:14 of 2nd period - Shot Misses the Net.
0:26 of 2nd period - Matt Martin is hit by Ryan O'Reilly and loses puck.
0:38 of 2nd period - Wrist shot by Ryan O'Reilly.
0:38 of 2nd period - Deflect By Marcus Foligno.
0:38 of 2nd period - Shot Misses the Net.
0:38 of 2nd period - Puck is out of play.
0:39 of 2nd period - Logan Couture wins face-off versus Andrei Loktionov in Sabres zone.
0:44 of 2nd period - Snap shot by Logan Couture.
0:44 of 2nd period - Deflect By D.J King.
0:44 of 2nd period - Stopped by Robin Lehner without a rebound.
0:45 of 2nd period - Andrei Loktionov wins face-off versus Logan Couture in Sabres zone.
0:45 of 2nd period - Andrei Loktionov is hit by Cal Clutterbuck.
0:53 of 2nd period - Andrei Loktionov is hit by Cal Clutterbuck and loses puck.
1:08 of 2nd period - Snap shot by Logan Couture.
1:08 of 2nd period - Stopped by Robin Lehner without a rebound.
1:09 of 2nd period - Brandon Sutter wins face-off versus Steven Stamkos in Sabres zone.
1:09 of 2nd period - Brandon Sutter is hit by Sean Zimmerman.
2:04 of 2nd period - Eric Gryba is hit by Zack Kassian and loses puck.
2:44 of 2nd period - Snap shot by Brad Richardson.
2:44 of 2nd period - Shot Misses the Net.
2:50 of 2nd period - Martin St. Louis is hit by Jakub Kindl and loses puck.
2:59 of 2nd period - Minor Penalty to Brad Richardson for Hooking.
3:00 of 2nd period - Steven Stamkos wins face-off versus Brandon Sutter in Sabres zone.
3:31 of 2nd period - Wrist shot by Ryan O'Reilly.
3:31 of 2nd period - Shot Blocked by Michael Kostka.
4:33 of 2nd period - Ilya Kovalchuk is hit by Marcus Foligno and loses puck.
4:59 of 2nd period - Penalty to Brad Richardson is over, Brad Richardson is back on ice.
5:07 of 2nd period - Snap shot by Logan Couture.
5:07 of 2nd period - Goal by Logan Couture - Penguins : 3 - Sabres : 0.
5:08 of 2nd period - Ryan O'Reilly wins face-off versus Vincent Lecavalier in neutral zone.
5:16 of 2nd period - Minor Penalty to Dion Phaneuf for Interference.
5:17 of 2nd period - Sean Monahan wins face-off versus Steven Stamkos in Penguins zone.
6:28 of 2nd period - Jared Cowen is hit by Cal Clutterbuck and loses puck.
7:16 of 2nd period - Penalty to Dion Phaneuf is over, Dion Phaneuf is back on ice.
7:25 of 2nd period - Wrist shot by Pascal Dupuis.
7:25 of 2nd period - Goal by Pascal Dupuis - Penguins : 4 - Sabres : 0.
7:26 of 2nd period - Brandon Sutter wins face-off versus Ryan O'Reilly in neutral zone.
8:15 of 2nd period - Snap shot by Zack Kassian.
8:15 of 2nd period - Shot Misses the Net.
8:23 of 2nd period - Slapshot by Eric Gryba.
8:23 of 2nd period - Stopped by Robin Lehner with a rebound.
8:51 of 2nd period - Backhand shot by Sean Monahan.
8:51 of 2nd period - Shot Blocked by Duncan Keith.
8:59 of 2nd period - Wrist shot by Brad Richardson.
8:59 of 2nd period - Stopped by Jacob Markstrom without a rebound.
9:00 of 2nd period - Steven Stamkos wins face-off versus Andrei Loktionov in Penguins zone.
9:34 of 2nd period - Slapshot by Dustin Brown.
9:34 of 2nd period - Shot Misses the Net.
9:36 of 2nd period - Snap shot by Dustin Brown.
9:36 of 2nd period - Stopped by Robin Lehner with a rebound.
9:56 of 2nd period - Snap shot by Matt Martin.
9:56 of 2nd period - Shot Blocked by Duncan Keith.
10:10 of 2nd period - Wrist shot by Brandon Sutter.
10:10 of 2nd period - Stopped by Jacob Markstrom with a rebound.
10:19 of 2nd period - Minor Penalty to Michael Kostka for Hooking.
10:20 of 2nd period - Brandon Sutter wins face-off versus Steven Stamkos in Sabres zone.
10:28 of 2nd period - Snap shot by Steven Stamkos.
10:28 of 2nd period - Stopped by Robin Lehner without a rebound.
10:29 of 2nd period - Steven Stamkos wins face-off versus Brandon Sutter in Sabres zone.
10:34 of 2nd period - Wrist shot by Steven Stamkos.
10:34 of 2nd period - Shot Misses the Net.
11:14 of 2nd period - Brandon Sutter is hit by Dustin Brown and loses puck.
12:19 of 2nd period - Penalty to Michael Kostka is over, Michael Kostka is back on ice.
12:34 of 2nd period - Snap shot by D.J King.
12:34 of 2nd period - Stopped by Robin Lehner without a rebound.
12:35 of 2nd period - Logan Couture wins face-off versus Ilya Kovalchuk in Sabres zone.
12:48 of 2nd period - Snap shot by Cal Clutterbuck.
12:48 of 2nd period - Stopped by Robin Lehner with a rebound.
13:20 of 2nd period - Snap shot by Marcus Foligno.
13:20 of 2nd period - Shot Misses the Net.
14:21 of 2nd period - Slapshot by Sean Zimmerman.
14:21 of 2nd period - Shot Misses the Net.
14:23 of 2nd period - Backhand shot by Duncan Keith.
14:23 of 2nd period - Shot Blocked by Michael Kostka.
14:25 of 2nd period - Slapshot by Sean Zimmerman.
14:25 of 2nd period - Deflect By Riley Sheahan.
14:25 of 2nd period - Shot Misses the Net.
14:25 of 2nd period - Puck is out of play.
14:26 of 2nd period - Steven Stamkos wins face-off versus Andrei Loktionov in Sabres zone.
15:22 of 2nd period - Snap shot by Sean Monahan.
15:22 of 2nd period - Stopped by Jacob Markstrom without a rebound.
15:23 of 2nd period - Steven Stamkos wins face-off versus Sean Monahan in Penguins zone.
15:28 of 2nd period - Slapshot by Steven Stamkos.
15:28 of 2nd period - Shot Blocked by Rob Scuderi.
15:56 of 2nd period - Wrist shot by Sean Monahan.
15:56 of 2nd period - Shot Misses the Net.
16:22 of 2nd period - Snap shot by Andrei Loktionov.
16:22 of 2nd period - Stopped by Jacob Markstrom without a rebound.
16:23 of 2nd period - Steven Stamkos wins face-off versus Vincent Lecavalier in Penguins zone.
16:23 of 2nd period - Steven Stamkos is hit by Evander Kane.
16:55 of 2nd period - Snap shot by Ryan O'Reilly.
16:55 of 2nd period - Shot Blocked by Jared Cowen.
16:57 of 2nd period - Snap shot by Ryan O'Reilly.
16:57 of 2nd period - Stopped by Robin Lehner without a rebound.
16:58 of 2nd period - Steven Stamkos wins face-off versus Vincent Lecavalier in Sabres zone.
17:01 of 2nd period - Snap shot by Steven Stamkos.
17:01 of 2nd period - Stopped by Robin Lehner with a rebound.
17:03 of 2nd period - Slapshot by Duncan Keith.
17:03 of 2nd period - Goal by Duncan Keith - Penguins : 5 - Sabres : 0.
17:04 of 2nd period - Steven Stamkos wins face-off versus Michael Frolik in neutral zone.
17:16 of 2nd period - Icing by Zach Bogosian.
17:17 of 2nd period - Steven Stamkos wins face-off versus Andrei Loktionov in Sabres zone.
17:33 of 2nd period - Snap shot by Andrei Loktionov.
17:33 of 2nd period - Stopped by Jacob Markstrom without a rebound.
17:34 of 2nd period - Ryan O'Reilly wins face-off versus Vincent Lecavalier in Penguins zone.
18:04 of 2nd period - Keith Aulie is hit by Zach Bogosian and loses puck.
18:29 of 2nd period - Wrist shot by Sean Monahan.
18:29 of 2nd period - Shot Blocked by Logan Couture.
19:27 of 2nd period - Snap shot by Ilya Kovalchuk.
19:27 of 2nd period - Stopped by Jacob Markstrom without a rebound.
19:28 of 2nd period - Andrei Loktionov wins face-off versus Steven Stamkos in Penguins zone.
19:37 of 2nd period - Snap shot by Michael Frolik.
19:37 of 2nd period - Deflect By Ilya Kovalchuk.
19:37 of 2nd period - Shot Misses the Net.
19:37 of 2nd period - Puck is out of play.
19:38 of 2nd period - Michael Frolik wins face-off versus Martin St. Louis in Penguins zone.
19:41 of 2nd period - Wrist shot by Michael Frolik.
19:41 of 2nd period - Stopped by Jacob Markstrom without a rebound.
19:42 of 2nd period - Steven Stamkos wins face-off versus Andrei Loktionov in Penguins zone.
Goals for this period are 3 for Penguins vs 0 for Sabres.
Shots for this period are 12 for Penguins vs 8 for Sabres.

3rd period


0:01 of 3rd period - Steven Stamkos wins face-off versus Vincent Lecavalier in neutral zone.
0:10 of 3rd period - Zack Kassian is hit by Steven Stamkos and loses puck.
0:25 of 3rd period - Ryan O'Reilly is hit by Matt Martin and loses puck.
0:34 of 3rd period - Slapshot by Ryan O'Reilly.
0:34 of 3rd period - Shot Misses the Net.
0:36 of 3rd period - Snap shot by Keith Aulie.
0:36 of 3rd period - Shot Blocked by Jared Cowen.
0:38 of 3rd period - Snap shot by Ryan O'Reilly.
0:38 of 3rd period - Shot Misses the Net.
0:52 of 3rd period - Wrist shot by Ilya Kovalchuk.
0:52 of 3rd period - Stopped by Jacob Markstrom with a rebound.
0:54 of 3rd period - Slapshot by Jared Cowen.
0:54 of 3rd period - Shot Misses the Net.
0:56 of 3rd period - Backhand shot by Andrei Loktionov.
0:56 of 3rd period - Stopped by Jacob Markstrom without a rebound.
0:57 of 3rd period - Vincent Lecavalier wins face-off versus Steven Stamkos in Penguins zone.
1:46 of 3rd period - Logan Couture is hit by Rob Scuderi and loses puck.
2:21 of 3rd period - Icing by Zack Kassian.
2:22 of 3rd period - Andrew Cogliano wins face-off versus Vincent Lecavalier in Sabres zone.
2:58 of 3rd period - Backhand shot by Steven Stamkos.
2:58 of 3rd period - Deflect By Michael Kostka.
2:58 of 3rd period - Shot Misses the Net.
2:58 of 3rd period - Puck is out of play.
2:59 of 3rd period - Ryan O'Reilly wins face-off versus Andrei Loktionov in Sabres zone.
3:13 of 3rd period - Off-side.
3:14 of 3rd period - Brandon Sutter wins face-off versus Cal Clutterbuck in neutral zone.
3:23 of 3rd period - Snap shot by Zach Bogosian.
3:23 of 3rd period - Deflect By Darcy Hordichuk.
3:23 of 3rd period - Goal by Darcy Hordichuk - Penguins : 5 - Sabres : 1.
3:24 of 3rd period - Andrei Loktionov wins face-off versus Steven Stamkos in neutral zone.
4:19 of 3rd period - Snap shot by Brandon Sutter.
4:19 of 3rd period - Stopped by Jacob Markstrom with a rebound.
4:33 of 3rd period - Slapshot by Keith Aulie.
4:33 of 3rd period - Deflect By Jakub Kindl.
4:33 of 3rd period - Stopped by Robin Lehner without a rebound.
4:34 of 3rd period - Vincent Lecavalier wins face-off versus Riley Sheahan in Sabres zone.
5:00 of 3rd period - Ilya Kovalchuk is hit by Andrew Cogliano.
5:01 of 3rd period - Icing by Ilya Kovalchuk.
5:02 of 3rd period - Andrei Loktionov wins face-off versus Steven Stamkos in Sabres zone.
5:40 of 3rd period - Icing by Keith Aulie.
5:41 of 3rd period - Steven Stamkos wins face-off versus Sean Monahan in Penguins zone.
6:09 of 3rd period - Wrist shot by Martin St. Louis.
6:09 of 3rd period - Stopped by Robin Lehner with a rebound.
6:11 of 3rd period - Snap shot by Martin St. Louis.
6:11 of 3rd period - Shot Misses the Net.
6:13 of 3rd period - Slapshot by Eric Gryba.
6:13 of 3rd period - Stopped by Robin Lehner without a rebound.
6:14 of 3rd period - Ryan O'Reilly wins face-off versus Brandon Sutter in Sabres zone.
6:19 of 3rd period - Snap shot by Dustin Brown.
6:19 of 3rd period - Deflect By Zach Bogosian.
6:19 of 3rd period - Stopped by Robin Lehner without a rebound.
6:20 of 3rd period - Ryan O'Reilly wins face-off versus Brandon Sutter in Sabres zone.
7:58 of 3rd period - Wrist shot by Steven Stamkos.
7:58 of 3rd period - Stopped by Robin Lehner with a rebound.
8:00 of 3rd period - Slapshot by Keith Aulie.
8:00 of 3rd period - Deflect By Martin St. Louis.
8:00 of 3rd period - Deflect By Jakub Kindl.
8:00 of 3rd period - Shot Blocked by Darcy Hordichuk.
8:00 of 3rd period - Puck is out of play.
8:01 of 3rd period - Ilya Kovalchuk wins face-off versus Andrew Cogliano in Sabres zone.
8:28 of 3rd period - Zack Kassian is hit by Dustin Brown and loses puck.
8:38 of 3rd period - Backhand shot by Evander Kane.
8:38 of 3rd period - Stopped by Jacob Markstrom with a rebound.
8:48 of 3rd period - Slapshot by Sean Zimmerman.
8:48 of 3rd period - Deflect By Jared Cowen.
8:48 of 3rd period - Stopped by Robin Lehner with a rebound.
8:54 of 3rd period - Logan Couture is hit by Matt Martin and loses puck.
9:47 of 3rd period - Andrei Loktionov is hit by Dion Phaneuf and loses puck.
10:36 of 3rd period - Snap shot by Ilya Kovalchuk.
10:36 of 3rd period - Shot Misses the Net.
10:39 of 3rd period - Icing by Paul Ranger.
10:40 of 3rd period - Vincent Lecavalier wins face-off versus Ryan O'Reilly in Penguins zone.
11:06 of 3rd period - Off-side.
11:07 of 3rd period - Steven Stamkos wins face-off versus Sean Monahan in neutral zone.
11:42 of 3rd period - Off-side.
11:43 of 3rd period - Vincent Lecavalier wins face-off versus Steven Stamkos in neutral zone.
11:46 of 3rd period - Slapshot by Jared Cowen.
11:46 of 3rd period - Stopped by Jacob Markstrom without a rebound.
11:47 of 3rd period - Steven Stamkos wins face-off versus Vincent Lecavalier in Penguins zone.
12:06 of 3rd period - Jakub Kindl is hit by Steven Stamkos and loses puck.
12:19 of 3rd period - Wrist shot by Jared Cowen.
12:19 of 3rd period - Stopped by Jacob Markstrom with a rebound.
12:29 of 3rd period - Slapshot by Zack Kassian.
12:29 of 3rd period - Stopped by Jacob Markstrom without a rebound.
12:30 of 3rd period - Brandon Sutter wins face-off versus Ryan O'Reilly in Penguins zone.
12:33 of 3rd period - Slapshot by Darcy Hordichuk.
12:33 of 3rd period - Stopped by Jacob Markstrom without a rebound.
12:34 of 3rd period - Ryan O'Reilly wins face-off versus Brandon Sutter in Penguins zone.
12:39 of 3rd period - Backhand shot by Sean Zimmerman.
12:39 of 3rd period - Shot Blocked by Brandon Sutter.
12:41 of 3rd period - Wrist shot by Marcus Foligno.
12:41 of 3rd period - Stopped by Robin Lehner without a rebound.
12:42 of 3rd period - Brandon Sutter wins face-off versus Andrew Cogliano in Sabres zone.
12:42 of 3rd period - Brandon Sutter is hit by Andrew Cogliano.
13:26 of 3rd period - Double Minor Penalty to Keith Aulie for Roughing.
13:27 of 3rd period - Andrew Cogliano wins face-off versus Sean Monahan in Penguins zone.
13:36 of 3rd period - Slapshot by Zach Bogosian.
13:36 of 3rd period - Stopped by Jacob Markstrom without a rebound.
13:37 of 3rd period - Sean Monahan wins face-off versus Steven Stamkos in Penguins zone.
13:46 of 3rd period - Slapshot by Zack Kassian.
13:46 of 3rd period - Shot Blocked by Duncan Keith.
13:48 of 3rd period - Slapshot by Zach Bogosian.
13:48 of 3rd period - Deflect By Sean Monahan.
13:48 of 3rd period - Stopped by Jacob Markstrom without a rebound.
13:49 of 3rd period - Steven Stamkos wins face-off versus Sean Monahan in Penguins zone.
13:49 of 3rd period - Steven Stamkos is hit by Jared Cowen.
14:06 of 3rd period - Steven Stamkos is hit by Ilya Kovalchuk and loses puck.
16:13 of 3rd period - D.J King is hit by Darcy Hordichuk and loses puck.
17:25 of 3rd period - Evander Kane is hit by Riley Sheahan and loses puck.
17:26 of 3rd period - Penalty to Keith Aulie is over, Keith Aulie is back on ice.
18:19 of 3rd period - Mathew Dumba is hit by Sean Zimmerman.
18:31 of 3rd period - Minor Penalty to Loui Eriksson for Roughing.
18:32 of 3rd period - Steven Stamkos wins face-off versus Sean Monahan in Penguins zone.
18:37 of 3rd period - Snap shot by Steven Stamkos.
18:37 of 3rd period - Stopped by Robin Lehner without a rebound.
18:38 of 3rd period - Sean Monahan wins face-off versus Steven Stamkos in Sabres zone.
18:42 of 3rd period - Minor Penalty to Andrew Cogliano for Holding.
18:43 of 3rd period - Steven Stamkos wins face-off versus Sean Monahan in Penguins zone.
Goals for this period are 0 for Penguins vs 1 for Sabres.
Shots for this period are 8 for Penguins vs 11 for Sabres.